New York Rangers vs Dallas Stars
Created - Wednesday, February 18, 2026 at 07:29
Goals
|
| New York Rangers |
0 |
2 |
2 |
0 |
4 |
| Dallas Stars |
2 |
0 |
2 |
1 |
5 |
|
Shots
|
| New York Rangers |
4 |
14 |
14 |
0 |
32 |
| Dallas Stars |
17 |
5 |
14 |
1 |
37 |
|
1st period
1. Dallas Stars , Jordan Martinook 9 (Dougie Hamilton 15, Luke Kunin 7) at 7:58
2. Dallas Stars , Joel Kiviranta 5 (Trent Frederic 1, Jack Drury 4) at 9:23
Penalties :
Arber Xhekaj (DAL) for Tripping (Minor) at 1:11, Luke Schenn (NYR) for Cross-checking (Minor) at 13:52
2nd period
3. New York Rangers , Marcus Foligno 6 (Conor Garland 7, Luke Schenn 2) at 2:35
4. New York Rangers , Kyle Palmieri 9 (Jake Walman 6, Evgeni Malkin 15) at 6:48
Penalties :
Artemi Panarin (NYR) for Roughing (Minor) at 7:10, Nathan MacKinnon (NYR) for Interference (Minor) at 13:55, Jake Walman (NYR) for High sticking (Minor) at 16:05
3rd period
5. Dallas Stars , Trent Frederic 1 (Joel Kiviranta 5, Jack Drury 5) at 11:17
6. Dallas Stars , Brendan Gallagher 8 (Josh Anderson 9, Trevor van Riemsdyk 11) at 14:49 (PP)
7. New York Rangers , Evgeni Malkin 15 (Artemi Panarin 18, Dmitry Kulikov 4) at 17:37
8. New York Rangers , Nathan MacKinnon 14 (Artemi Panarin 19, Victor Hedman 10) at 19:29
Penalties :
Dmitry Kulikov (NYR) for Tripping (Minor) at 2:16, Jake Walman (NYR) for Tripping (Minor) at 13:05
Overtime #1
9. Dallas Stars , Brendan Gallagher 9 (Jordan Martinook 10, Trevor van Riemsdyk 12) at 0:35
Penalties :
No Penalty
Goalie Stats
Igor Shesterkin (NYR), 32 saves from 37 shots - (0.865), OTL, 17-6-2, 60:29 minutes
Ukko-Pekka Luukkonen (DAL), 28 saves from 32 shots - (0.875), W, 7-6-2, 60:35 minutes
Players Stats for New York Rangers
Player Name G A P +/- PIM S H SB GA TA FO MP PP MP PK MP
------------------------------------------------------------------------------------
Adam Larsson 0 0 0 -1 0 1 2 0 0 1 0/0 24:07 0:00 7:20
Artemi Panarin 0 2 2 0 2 3 3 0 0 0 1/2 19:38 1:06 0:00
Cole Caufield 0 0 0 -1 0 2 5 1 1 0 0/0 20:18 1:06 0:27
Conor Garland 0 1 1 1 0 1 0 0 1 0 0/0 5:20 0:00 0:00
Dmitry Kulikov 0 1 1 0 2 0 1 0 0 0 0/0 13:21 0:00 1:21
Dylan Strome 0 0 0 0 0 2 0 0 1 0 5/7 10:38 0:40 0:00
Evgeni Malkin 1 1 2 -1 0 5 1 0 0 1 4/13 14:49 1:27 0:06
Jake Walman 0 1 1 1 4 3 1 0 0 2 0/0 22:54 0:32 3:04
Kyle Palmieri 1 0 1 0 0 2 0 0 1 0 0/2 13:38 0:40 0:00
Luke Schenn 0 1 1 -1 2 0 0 0 1 0 0/0 19:53 0:00 4:14
Marcus Foligno 1 0 1 1 0 1 1 0 2 2 0/1 11:28 0:13 6:07
Mikael Granlund 0 0 0 0 0 1 2 1 1 0 2/5 15:22 0:32 5:24
Nathan MacKinnon 1 0 1 0 2 5 0 0 0 1 13/25 19:39 1:06 0:00
Noel Acciari 0 0 0 1 0 0 1 0 0 0 0/0 10:47 0:13 5:05
Olli Maatta 0 0 0 0 0 0 0 0 0 0 0/0 17:42 0:00 6:58
Teuvo Teravainen 0 0 0 0 0 2 3 2 0 1 3/5 15:47 0:13 6:09
Timo Meier 0 0 0 0 0 0 5 1 0 1 0/0 14:07 0:40 0:00
Victor Hedman 0 1 1 1 0 4 1 2 0 1 0/0 21:07 1:27 0:21
Players Stats for Dallas Stars
Player Name G A P +/- PIM S H SB GA TA FO MP PP MP PK MP
------------------------------------------------------------------------------------
Alex Iafallo 0 0 0 0 0 0 1 0 0 0 3/6 15:47 5:15 0:00
Arber Xhekaj 0 0 0 0 2 0 0 1 0 0 0/0 13:06 0:00 0:00
Brendan Gallagher 2 0 2 0 0 7 1 0 0 0 0/1 19:56 5:44 0:53
Cam York 0 0 0 0 0 2 1 1 0 0 0/0 12:59 0:00 0:00
Dougie Hamilton 0 1 1 1 0 3 1 2 0 1 0/0 26:10 5:37 0:57
Elias Lindholm 0 0 0 -1 0 5 2 0 2 1 13/17 20:20 5:56 0:57
Filip Chytil 0 0 0 0 0 1 2 0 0 2 4/9 11:14 0:00 0:00
Jack Drury 0 2 2 0 0 0 0 1 0 1 3/3 9:15 0:01 0:09
Jakob Chychrun 0 0 0 -1 0 1 0 1 1 1 0/0 21:26 6:02 1:02
Joel Kiviranta 1 1 2 0 0 3 1 0 1 0 1/1 9:38 0:40 0:00
Jonas Siegenthaler 0 0 0 -1 0 0 0 0 1 0 0/0 21:26 6:02 1:02
Jonatan Berggren 0 0 0 0 0 2 0 0 0 0 5/18 12:44 0:00 0:00
Jordan Greenway 0 0 0 0 0 2 1 0 0 0 0/0 12:21 0:41 0:09
Jordan Martinook 1 1 2 1 0 4 2 0 2 1 0/2 19:17 5:15 0:53
Josh Anderson 0 1 1 -1 0 5 4 0 1 0 0/0 21:09 6:00 0:57
Luke Kunin 0 1 1 0 0 1 4 0 1 0 3/3 18:16 5:15 0:00
Trent Frederic 1 1 2 0 0 1 1 0 0 1 0/0 9:06 0:10 0:00
Trevor van Riemsdyk 0 2 2 1 0 0 1 1 1 0 0/0 26:10 5:37 0:57
3 Stars
1 - Brendan Gallagher (DAL)
2 - Jordan Martinook (DAL)
3 - Trent Frederic (DAL)
Power Play
New York Rangers - 0 on 1 Attempt(s) - 0.00%
Dallas Stars - 1 on 6 Attempt(s) - 16.67%
Penalty Kill
New York Rangers - 5 on 6 Attempt(s) - 83.33%
- Score 0 goal in Penalty Kill
Dallas Stars - 1 on 1 Attempt(s) - 100.00%
- Score 0 goal in Penalty Kill
Team Stat
New York Rangers - Hits : 26 - Faceoff Wins : 28 - Blocked Shots : 7 - Penalty Minutes : 12
Dallas Stars - Hits : 22 - Faceoff Wins : 32 - Blocked Shots : 7 - Penalty Minutes : 2
Official
Referees : Graham Skilliter and Chris Schlenker
Linesman : Andrew Smith and Dan Kelly
Game Notes
No Game Note
Finance
Level 1 -- Attendance: 5471 (91.18%) -- Ticket Income $492,390
Level 2 -- Attendance: 5000 (100.00%) -- Ticket Income $250,000
Level 3 -- Attendance: 3000 (100.00%) -- Ticket Income $90,000
Level 4 -- Attendance: 3724 (74.48%) -- Ticket Income $93,100
Luxury Box -- Attendance: 938 (93.80%) -- Ticket Income $178,220
Game was played at the American Airlines Center.
Total Attendance: 18133 (90.67%)
Total Ticket Income: $1,103,710
Other Income: $386,298
Total Income: $1,490,008
New York Rangers
5 vs 5 Forward
Center Left Wing Right Wing Time % Phy DF OF
1 Nathan MacKinnon Artemi Panarin Cole Caufield 40 0 1 4
2 Evgeni Malkin Timo Meier Kyle Palmieri 30 1 1 3
3 Dylan Strome Teuvo Teravainen Mikael Granlund 20 1 2 2
4 Noel Acciari Marcus Foligno Conor Garland 10 2 2 1
5 vs 5 Defense
Defense Defense Time % Phy DF OF
1 Victor Hedman Jake Walman 40 0 3 2
2 Luke Schenn Adam Larsson 35 0 4 1
3 Olli Maatta Dmitry Kulikov 25 2 3 0
4 Dmitry Kulikov Adam Larsson 0 1 2 2
PowerPlay Forward
Center Left Wing Right Wing Time % Phy DF OF
1 Nathan MacKinnon Cole Caufield Artemi Panarin 50 0 0 5
2 Dylan Strome Timo Meier Kyle Palmieri 50 0 1 4
PowerPlay Defense
Defense Defense Time % Phy DF OF
1 Victor Hedman Evgeni Malkin 65 0 0 5
2 Jake Walman Mikael Granlund 35 0 1 4
Penalty Kill 4 Players Forward
Center Wing Time % Phy DF OF
1 Mikael Granlund Noel Acciari 50 1 4 0
2 Teuvo Teravainen Marcus Foligno 50 2 3 0
Penalty Kill 4 Players Defense
Defense Defense Time % Phy DF OF
1 Olli Maatta Adam Larsson 60 1 4 0
2 Luke Schenn Jake Walman 40 2 3 0
Penalty Kill - 3 Players Forward
Forward Time % Phy DF OF
1 Mikael Granlund 50 0 5 0
2 Noel Acciari 50 0 5 0
Penalty Kill - 3 Players Defense
Defense Defense Time % Phy DF OF
1 Olli Maatta Adam Larsson 50 0 4 0
2 Jake Walman Luke Schenn 50 0 5 0
4 vs 4 Forward
Center Wing Time % Phy DF OF
1 Nathan MacKinnon Artemi Panarin 50 0 2 3
2 Evgeni Malkin Cole Caufield 50 0 2 3
4 vs 4 Defense
Defense Defense Time % Phy DF OF
1 Victor Hedman Jake Walman 50 1 2 2
2 Adam Larsson Luke Schenn 50 1 2 2
Last Minutes Offensive
Center Left Wing Right Wing Defense Defense
Nathan MacKinnon Cole Caufield Artemi Panarin Victor Hedman Jake Walman
Last Minutes Defensive
Center Left Wing Right Wing Defense Defense
Mikael Granlund Noel Acciari Teuvo Teravainen Adam Larsson Jake Walman
Goaltenders
Starting : Igor Shesterkin
Backup : Kevin Lankinen
Extra Forwards
Normal : Timo Meier, Dylan Strome, Teuvo Teravainen - PP : Timo Meier, Dylan Strome - PK : Teuvo Teravainen
Extra Defensemen
Normal : Adam Larsson, Olli Maatta, Jake Walman - PP : Adam Larsson - PK : Olli Maatta, Jake Walman
Penalty Shots
Nathan MacKinnon, Evgeni Malkin, Mikael Granlund, Artemi Panarin, Kyle Palmieri
Scratches
None
Dallas Stars
5 vs 5 Forward
Center Left Wing Right Wing Time % Phy DF OF
1 Elias Lindholm Josh Anderson Brendan Gallagher 30 1 2 2
2 Jonatan Berggren Jordan Martinook Luke Kunin 30 1 2 2
3 Filip Chytil Alex Iafallo Jordan Greenway 25 1 2 2
4 Jack Drury Joel Kiviranta Trent Frederic 15 1 2 2
5 vs 5 Defense
Defense Defense Time % Phy DF OF
1 Dougie Hamilton Trevor van Riemsdyk 30 1 2 2
2 Jakob Chychrun Jonas Siegenthaler 30 1 2 2
3 Cam York Arber Xhekaj 25 1 2 2
4 Dougie Hamilton Trevor van Riemsdyk 15 1 2 2
PowerPlay Forward
Center Left Wing Right Wing Time % Phy DF OF
1 Elias Lindholm Josh Anderson Brendan Gallagher 50 1 2 2
2 Alex Iafallo Jordan Martinook Luke Kunin 50 1 2 2
PowerPlay Defense
Defense Defense Time % Phy DF OF
1 Dougie Hamilton Trevor van Riemsdyk 50 1 2 2
2 Jakob Chychrun Jonas Siegenthaler 50 1 2 2
Penalty Kill 4 Players Forward
Center Wing Time % Phy DF OF
1 Elias Lindholm Josh Anderson 50 1 2 2
2 Brendan Gallagher Jordan Martinook 50 1 2 2
Penalty Kill 4 Players Defense
Defense Defense Time % Phy DF OF
1 Dougie Hamilton Trevor van Riemsdyk 50 1 2 2
2 Jakob Chychrun Jonas Siegenthaler 50 1 2 2
Penalty Kill - 3 Players Forward
Forward Time % Phy DF OF
1 Elias Lindholm 50 1 2 2
2 Josh Anderson 50 1 2 2
Penalty Kill - 3 Players Defense
Defense Defense Time % Phy DF OF
1 Dougie Hamilton Trevor van Riemsdyk 50 1 2 2
2 Jakob Chychrun Jonas Siegenthaler 50 1 2 2
4 vs 4 Forward
Center Wing Time % Phy DF OF
1 Elias Lindholm Josh Anderson 50 1 2 2
2 Brendan Gallagher Jordan Martinook 50 1 2 2
4 vs 4 Defense
Defense Defense Time % Phy DF OF
1 Dougie Hamilton Trevor van Riemsdyk 50 1 2 2
2 Jakob Chychrun Jonas Siegenthaler 50 1 2 2
Last Minutes Offensive
Center Left Wing Right Wing Defense Defense
Elias Lindholm Josh Anderson Brendan Gallagher Dougie Hamilton Trevor van Riemsdyk
Last Minutes Defensive
Center Left Wing Right Wing Defense Defense
Elias Lindholm Josh Anderson Brendan Gallagher Dougie Hamilton Trevor van Riemsdyk
Goaltenders
Starting : Ukko-Pekka Luukkonen
Backup : Alex Lyon
Extra Forwards
Normal : Alex Iafallo, Joel Kiviranta, Josh Anderson - PP : Alex Iafallo, Joel Kiviranta - PK : Elias Lindholm
Extra Defensemen
Normal : Cam York, Arber Xhekaj, Jakob Chychrun - PP : Cam York - PK : Arber Xhekaj, Jakob Chychrun
Penalty Shots
Elias Lindholm, Josh Anderson, Brendan Gallagher, Jordan Martinook, Alex Iafallo
Scratches
Ty Smith (Healthy), Nils Lundkvist (Healthy), Philip Tomasino (Healthy), Marc-Andre Fleury (Healthy), Semyon Varlamov (Healthy)
% Time on Ice - New York Rangers
Lines # - Real PCT - Wanted PCT - Time Play
Normal Forward
1 - 39% - 40% - 17:56
2 - 29% - 30% - 13:06
3 - 20% - 20% - 9:15
4 - 12% - 10% - 5:20
Normal Defense
1 - 40% - 40% - 18:07
2 - 34% - 35% - 15:33
3 - 23% - 25% - 10:43
4 - 3% - 0% - 1:14
PP Forward
1 - 55% - 50% - 1:06
2 - 45% - 50% - 0:53
PP Defense
1 - 73% - 65% - 1:27
2 - 27% - 35% - 0:32
PK Forward
1 - 47% - 50% - 5:30
2 - 53% - 50% - 6:09
PK Defense
1 - 57% - 60% - 6:35
2 - 43% - 40% - 5:04
PK3 Forward
1 - 0% - 50%
2 - 0% - 50%
PK3 Defense
1 - 0% - 50%
2 - 0% - 50%
44 Forward
1 - 57% - 50% - 0:20
2 - 43% - 50% - 0:15
44 Defense
1 - 74% - 50% - 0:26
2 - 26% - 50% - 0:09
Last Minute Offensive - 0:45
Last Minute Defensive - 0:00
Total
Forward - 60:35
Defense - 60:35
|
% Time on Ice - Dallas Stars
Lines # - Real PCT - Wanted PCT - Time Play
Normal Forward
1 - 28% - 30% - 12:50
2 - 28% - 30% - 13:05
3 - 24% - 25% - 11:14
4 - 19% - 15% - 8:54
Normal Defense
1 - 31% - 30% - 14:11
2 - 31% - 30% - 14:19
3 - 28% - 25% - 12:43
4 - 10% - 15% - 4:50
PP Forward
1 - 52% - 50% - 6:04
2 - 48% - 50% - 5:35
PP Defense
1 - 48% - 50% - 5:37
2 - 52% - 50% - 6:02
PK Forward
1 - 48% - 50% - 0:57
2 - 52% - 50% - 1:02
PK Defense
1 - 48% - 50% - 0:57
2 - 52% - 50% - 1:02
PK3 Forward
1 - 0% - 50%
2 - 0% - 50%
PK3 Defense
1 - 0% - 50%
2 - 0% - 50%
44 Forward
1 - 66% - 50% - 0:23
2 - 34% - 50% - 0:12
44 Defense
1 - 100% - 50% - 0:35
2 - 0% - 50% - 0:00
Last Minute Offensive - 0:00
Last Minute Defensive - 0:19
Total
Forward - 60:35
Defense - 60:35
|
Play-by-Play
1st period
0:01 of 1st period - Nathan MacKinnon wins face-off versus Elias Lindholm in neutral zone.
0:04 of 1st period - Elias Lindholm is hit by Artemi Panarin and loses puck.
0:25 of 1st period - Trevor van Riemsdyk is hit by Timo Meier and loses puck.
0:50 of 1st period - Wrist shot by Dylan Strome.
0:50 of 1st period - Deflect By Jordan Greenway.
0:50 of 1st period - Shot Misses the Net.
0:50 of 1st period - Puck is out of play.
0:51 of 1st period - Jack Drury wins face-off versus Dylan Strome in Dallas Stars zone.
1:04 of 1st period - Slapshot by Teuvo Teravainen.
1:04 of 1st period - Shot Misses the Net.
1:06 of 1st period - Slapshot by Adam Larsson.
1:06 of 1st period - Shot Blocked by Jack Drury.
1:11 of 1st period - Minor Penalty to Arber Xhekaj for Tripping.
1:12 of 1st period - Nathan MacKinnon wins face-off versus Elias Lindholm in Dallas Stars zone.
1:18 of 1st period - Snap shot by Nathan MacKinnon.
1:18 of 1st period - Shot Misses the Net.
1:20 of 1st period - Wrist shot by Victor Hedman.
1:20 of 1st period - Stopped by Ukko-Pekka Luukkonen without a rebound.
1:21 of 1st period - Elias Lindholm wins face-off versus Nathan MacKinnon in Dallas Stars zone.
2:45 of 1st period - Jake Walman is hit by Josh Anderson and loses puck.
3:11 of 1st period - Penalty to Arber Xhekaj is over, Arber Xhekaj is back on ice.
3:42 of 1st period - Snap shot by Jonatan Berggren.
3:42 of 1st period - Stopped by Igor Shesterkin with a rebound.
3:44 of 1st period - Backhand shot by Cam York.
3:44 of 1st period - Stopped by Igor Shesterkin with a rebound.
4:24 of 1st period - Noel Acciari is hit by Josh Anderson and loses puck.
5:21 of 1st period - Off-side.
5:22 of 1st period - Dylan Strome wins face-off versus Brendan Gallagher in neutral zone.
5:51 of 1st period - Icing by Alex Iafallo.
5:52 of 1st period - Filip Chytil wins face-off versus Kyle Palmieri in Dallas Stars zone.
5:57 of 1st period - Slapshot by Jakob Chychrun.
5:57 of 1st period - Shot Misses the Net.
5:59 of 1st period - Snap shot by Alex Iafallo.
5:59 of 1st period - Deflect By Jordan Greenway.
5:59 of 1st period - Stopped by Igor Shesterkin with a rebound.
6:14 of 1st period - Off-side.
6:15 of 1st period - Elias Lindholm wins face-off versus Nathan MacKinnon in neutral zone.
6:30 of 1st period - Slapshot by Elias Lindholm.
6:30 of 1st period - Stopped by Igor Shesterkin with a rebound.
7:23 of 1st period - Wrist shot by Joel Kiviranta.
7:23 of 1st period - Stopped by Igor Shesterkin with a rebound.
7:43 of 1st period - Snap shot by Jordan Martinook.
7:43 of 1st period - Stopped by Igor Shesterkin without a rebound.
7:44 of 1st period - Nathan MacKinnon wins face-off versus Jordan Martinook in New York Rangers zone.
7:49 of 1st period - Luke Kunin is hit by Artemi Panarin and loses puck.
7:58 of 1st period - Snap shot by Jordan Martinook.
7:58 of 1st period - Goal by Jordan Martinook - New York Rangers : 0 - Dallas Stars : 1.
7:59 of 1st period - Elias Lindholm wins face-off versus Nathan MacKinnon in neutral zone.
8:10 of 1st period - Wrist shot by Elias Lindholm.
8:10 of 1st period - Stopped by Igor Shesterkin without a rebound.
8:11 of 1st period - Elias Lindholm wins face-off versus Artemi Panarin in New York Rangers zone.
8:12 of 1st period - Wrist shot by Brendan Gallagher.
8:12 of 1st period - Deflect By Elias Lindholm.
8:12 of 1st period - Stopped by Igor Shesterkin with a rebound.
8:23 of 1st period - Wrist shot by Nathan MacKinnon.
8:23 of 1st period - Stopped by Ukko-Pekka Luukkonen with a rebound.
8:25 of 1st period - Slapshot by Artemi Panarin.
8:25 of 1st period - Stopped by Ukko-Pekka Luukkonen without a rebound.
8:26 of 1st period - Jonatan Berggren wins face-off versus Evgeni Malkin in Dallas Stars zone.
8:53 of 1st period - Cole Caufield is hit by Brendan Gallagher.
9:15 of 1st period - Snap shot by Trent Frederic.
9:15 of 1st period - Shot Misses the Net.
9:17 of 1st period - Slapshot by Cam York.
9:17 of 1st period - Stopped by Igor Shesterkin without a rebound.
9:18 of 1st period - Jack Drury wins face-off versus Evgeni Malkin in New York Rangers zone.
9:23 of 1st period - Slapshot by Joel Kiviranta.
9:23 of 1st period - Goal by Joel Kiviranta - New York Rangers : 0 - Dallas Stars : 2.
9:24 of 1st period - Jonatan Berggren wins face-off versus Nathan MacKinnon in neutral zone.
9:29 of 1st period - Slapshot by Dougie Hamilton.
9:29 of 1st period - Stopped by Igor Shesterkin with a rebound.
9:31 of 1st period - Wrist shot by Jordan Martinook.
9:31 of 1st period - Deflect By Nathan MacKinnon.
9:31 of 1st period - Shot Misses the Net.
9:31 of 1st period - Puck is out of play.
9:32 of 1st period - Nathan MacKinnon wins face-off versus Jonatan Berggren in New York Rangers zone.
9:43 of 1st period - Backhand shot by Jonatan Berggren.
9:43 of 1st period - Stopped by Igor Shesterkin with a rebound.
9:45 of 1st period - Slapshot by Dougie Hamilton.
9:45 of 1st period - Stopped by Igor Shesterkin with a rebound.
10:01 of 1st period - Snap shot by Brendan Gallagher.
10:01 of 1st period - Stopped by Igor Shesterkin without a rebound.
10:02 of 1st period - Evgeni Malkin wins face-off versus Filip Chytil in New York Rangers zone.
10:09 of 1st period - Slapshot by Kyle Palmieri.
10:09 of 1st period - Shot Misses the Net.
10:27 of 1st period - Jake Walman is hit by Luke Kunin and loses puck.
11:02 of 1st period - Trevor van Riemsdyk is hit by Timo Meier and loses puck.
12:37 of 1st period - Snap shot by Artemi Panarin.
12:37 of 1st period - Shot Misses the Net.
12:43 of 1st period - Slapshot by Artemi Panarin.
12:43 of 1st period - Shot Misses the Net.
13:38 of 1st period - Nathan MacKinnon is hit by Filip Chytil and loses puck.
13:52 of 1st period - Minor Penalty to Luke Schenn for Cross-checking.
13:53 of 1st period - Elias Lindholm wins face-off versus Mikael Granlund in New York Rangers zone.
15:52 of 1st period - Penalty to Luke Schenn is over, Luke Schenn is back on ice.
16:31 of 1st period - Teuvo Teravainen is hit by Joel Kiviranta and loses puck.
17:00 of 1st period - Icing by Dougie Hamilton.
17:01 of 1st period - Filip Chytil wins face-off versus Kyle Palmieri in Dallas Stars zone.
17:01 of 1st period - Filip Chytil is hit by Adam Larsson.
17:21 of 1st period - Wrist shot by Elias Lindholm.
17:21 of 1st period - Stopped by Igor Shesterkin without a rebound.
17:22 of 1st period - Elias Lindholm wins face-off versus Nathan MacKinnon in New York Rangers zone.
18:00 of 1st period - Jonas Siegenthaler is hit by Cole Caufield and loses puck.
18:25 of 1st period - Josh Anderson is hit by Dmitry Kulikov and loses puck.
18:40 of 1st period - Snap shot by Elias Lindholm.
18:40 of 1st period - Stopped by Igor Shesterkin with a rebound.
18:51 of 1st period - Brendan Gallagher is hit by Cole Caufield and loses puck.
19:46 of 1st period - Snap shot by Nathan MacKinnon.
19:46 of 1st period - Stopped by Ukko-Pekka Luukkonen without a rebound.
19:47 of 1st period - Dylan Strome wins face-off versus Jonatan Berggren in Dallas Stars zone.
19:56 of 1st period - Wrist shot by Luke Kunin.
19:56 of 1st period - Shot Misses the Net.
19:58 of 1st period - Wrist shot by Luke Kunin.
19:58 of 1st period - Shot Misses the Net.
Goals for this period are 0 for New York Rangers vs 2 for Dallas Stars.
Shots for this period are 4 for New York Rangers vs 17 for Dallas Stars.
2nd period
0:01 of 2nd period - Teuvo Teravainen wins face-off versus Jonatan Berggren in neutral zone.
0:11 of 2nd period - Wrist shot by Dougie Hamilton.
0:11 of 2nd period - Shot Misses the Net.
0:13 of 2nd period - Slapshot by Jordan Martinook.
0:13 of 2nd period - Shot Blocked by Teuvo Teravainen.
0:15 of 2nd period - Snap shot by Jordan Martinook.
0:15 of 2nd period - Stopped by Igor Shesterkin without a rebound.
0:16 of 2nd period - Alex Iafallo wins face-off versus Evgeni Malkin in New York Rangers zone.
0:31 of 2nd period - Wrist shot by Filip Chytil.
0:31 of 2nd period - Stopped by Igor Shesterkin with a rebound.
0:43 of 2nd period - Victor Hedman is hit by Luke Kunin and loses puck.
0:53 of 2nd period - Icing by Victor Hedman.
0:54 of 2nd period - Dylan Strome wins face-off versus Filip Chytil in New York Rangers zone.
1:03 of 2nd period - Snap shot by Teuvo Teravainen.
1:03 of 2nd period - Stopped by Ukko-Pekka Luukkonen with a rebound.
1:05 of 2nd period - Slapshot by Jake Walman.
1:05 of 2nd period - Stopped by Ukko-Pekka Luukkonen with a rebound.
1:07 of 2nd period - Snap shot by Teuvo Teravainen.
1:07 of 2nd period - Shot Misses the Net.
1:09 of 2nd period - Snap shot by Dylan Strome.
1:09 of 2nd period - Stopped by Ukko-Pekka Luukkonen with a rebound.
1:11 of 2nd period - Slapshot by Jake Walman.
1:11 of 2nd period - Shot Blocked by Cam York.
1:13 of 2nd period - Slapshot by Victor Hedman.
1:13 of 2nd period - Stopped by Ukko-Pekka Luukkonen with a rebound.
1:15 of 2nd period - Wrist shot by Jake Walman.
1:15 of 2nd period - Shot Blocked by Arber Xhekaj.
1:17 of 2nd period - Slapshot by Jake Walman.
1:17 of 2nd period - Stopped by Ukko-Pekka Luukkonen with a rebound.
1:37 of 2nd period - Snap shot by Teuvo Teravainen.
1:37 of 2nd period - Stopped by Ukko-Pekka Luukkonen without a rebound.
1:38 of 2nd period - Artemi Panarin wins face-off versus Jonatan Berggren in Dallas Stars zone.
2:05 of 2nd period - Kyle Palmieri is hit by Josh Anderson and loses puck.
2:28 of 2nd period - Jonas Siegenthaler is hit by Noel Acciari and loses puck.
2:35 of 2nd period - Wrist shot by Marcus Foligno.
2:35 of 2nd period - Goal by Marcus Foligno - New York Rangers : 1 - Dallas Stars : 2.
2:36 of 2nd period - Nathan MacKinnon wins face-off versus Jonatan Berggren in neutral zone.
3:01 of 2nd period - Cole Caufield is hit by Elias Lindholm and loses puck.
3:08 of 2nd period - Wrist shot by Elias Lindholm.
3:08 of 2nd period - Shot Misses the Net.
3:10 of 2nd period - Wrist shot by Josh Anderson.
3:10 of 2nd period - Stopped by Igor Shesterkin without a rebound.
3:11 of 2nd period - Jonatan Berggren wins face-off versus Evgeni Malkin in New York Rangers zone.
3:36 of 2nd period - Arber Xhekaj is hit by Teuvo Teravainen.
6:10 of 2nd period - Snap shot by Luke Kunin.
6:10 of 2nd period - Stopped by Igor Shesterkin without a rebound.
6:11 of 2nd period - Evgeni Malkin wins face-off versus Jonatan Berggren in New York Rangers zone.
6:11 of 2nd period - Evgeni Malkin is hit by Dougie Hamilton.
6:18 of 2nd period - Icing by Kyle Palmieri.
6:19 of 2nd period - Jonatan Berggren wins face-off versus Evgeni Malkin in New York Rangers zone.
6:30 of 2nd period - Wrist shot by Timo Meier.
6:30 of 2nd period - Shot Blocked by Trevor van Riemsdyk.
6:32 of 2nd period - Slapshot by Victor Hedman.
6:32 of 2nd period - Stopped by Ukko-Pekka Luukkonen with a rebound.
6:34 of 2nd period - Wrist shot by Timo Meier.
6:34 of 2nd period - Shot Hit the Post.
6:40 of 2nd period - Slapshot by Evgeni Malkin.
6:40 of 2nd period - Shot Misses the Net.
6:42 of 2nd period - Snap shot by Evgeni Malkin.
6:42 of 2nd period - Shot Misses the Net.
6:44 of 2nd period - Snap shot by Kyle Palmieri.
6:44 of 2nd period - Shot Blocked by Dougie Hamilton.
6:46 of 2nd period - Slapshot by Jake Walman.
6:46 of 2nd period - Stopped by Ukko-Pekka Luukkonen with a rebound.
6:48 of 2nd period - Wrist shot by Kyle Palmieri.
6:48 of 2nd period - Goal by Kyle Palmieri - New York Rangers : 2 - Dallas Stars : 2.
6:49 of 2nd period - Nathan MacKinnon wins face-off versus Filip Chytil in neutral zone.
7:10 of 2nd period - Minor Penalty to Artemi Panarin for Roughing.
7:11 of 2nd period - Alex Iafallo wins face-off versus Teuvo Teravainen in New York Rangers zone.
7:22 of 2nd period - Snap shot by Jordan Martinook.
7:22 of 2nd period - Shot Misses the Net.
9:10 of 2nd period - Penalty to Artemi Panarin is over, Artemi Panarin is back on ice.
9:24 of 2nd period - Wrist shot by Evgeni Malkin.
9:24 of 2nd period - Stopped by Ukko-Pekka Luukkonen with a rebound.
9:26 of 2nd period - Wrist shot by Evgeni Malkin.
9:26 of 2nd period - Stopped by Ukko-Pekka Luukkonen with a rebound.
9:36 of 2nd period - Dmitry Kulikov is hit by Alex Iafallo and loses puck.
9:56 of 2nd period - Jonas Siegenthaler is hit by Timo Meier and loses puck.
10:33 of 2nd period - Jordan Greenway is hit by Victor Hedman and loses puck.
10:44 of 2nd period - Josh Anderson is hit by Timo Meier and loses puck.
10:57 of 2nd period - Dmitry Kulikov is hit by Jordan Greenway and loses puck.
11:40 of 2nd period - Wrist shot by Filip Chytil.
11:40 of 2nd period - Deflect By Jordan Greenway.
11:40 of 2nd period - Stopped by Igor Shesterkin without a rebound.
11:41 of 2nd period - Evgeni Malkin wins face-off versus Jonatan Berggren in New York Rangers zone.
11:53 of 2nd period - Jake Walman is hit by Luke Kunin and loses puck.
12:29 of 2nd period - Snap shot by Conor Garland.
12:29 of 2nd period - Stopped by Ukko-Pekka Luukkonen with a rebound.
12:43 of 2nd period - Elias Lindholm is hit by Evgeni Malkin.
12:54 of 2nd period - Icing by Alex Iafallo.
12:55 of 2nd period - Elias Lindholm wins face-off versus Nathan MacKinnon in Dallas Stars zone.
13:23 of 2nd period - Snap shot by Evgeni Malkin.
13:23 of 2nd period - Stopped by Ukko-Pekka Luukkonen with a rebound.
13:25 of 2nd period - Backhand shot by Victor Hedman.
13:25 of 2nd period - Deflect By Evgeni Malkin.
13:25 of 2nd period - Shot Misses the Net.
13:25 of 2nd period - Puck is out of play.
13:26 of 2nd period - Evgeni Malkin wins face-off versus Jonatan Berggren in Dallas Stars zone.
13:34 of 2nd period - Off-side.
13:35 of 2nd period - Luke Kunin wins face-off versus Nathan MacKinnon in neutral zone.
13:46 of 2nd period - Wrist shot by Nathan MacKinnon.
13:46 of 2nd period - Shot Misses the Net.
13:55 of 2nd period - Minor Penalty to Nathan MacKinnon for Interference.
13:56 of 2nd period - Teuvo Teravainen wins face-off versus Alex Iafallo in New York Rangers zone.
14:08 of 2nd period - Adam Larsson is hit by Luke Kunin and loses puck.
14:45 of 2nd period - Trevor van Riemsdyk is hit by Jake Walman and loses puck.
15:29 of 2nd period - Adam Larsson is hit by Trevor van Riemsdyk and loses puck.
15:55 of 2nd period - Penalty to Nathan MacKinnon is over, Nathan MacKinnon is back on ice.
16:05 of 2nd period - Minor Penalty to Jake Walman for High sticking.
16:06 of 2nd period - Teuvo Teravainen wins face-off versus Elias Lindholm in New York Rangers zone.
16:27 of 2nd period - Alex Iafallo is hit by Mikael Granlund and loses puck.
17:33 of 2nd period - Adam Larsson is hit by Elias Lindholm and loses puck.
17:49 of 2nd period - Jordan Greenway is hit by Teuvo Teravainen and loses puck.
18:05 of 2nd period - Penalty to Jake Walman is over, Jake Walman is back on ice.
18:48 of 2nd period - Arber Xhekaj is hit by Cole Caufield and loses puck.
19:21 of 2nd period - Snap shot by Conor Garland.
19:21 of 2nd period - Shot Misses the Net.
Goals for this period are 2 for New York Rangers vs 0 for Dallas Stars.
Shots for this period are 14 for New York Rangers vs 5 for Dallas Stars.
3rd period
0:01 of 3rd period - Nathan MacKinnon wins face-off versus Jonatan Berggren in neutral zone.
0:26 of 3rd period - Adam Larsson is hit by Filip Chytil.
0:30 of 3rd period - Snap shot by Filip Chytil.
0:30 of 3rd period - Shot Blocked by Cole Caufield.
0:50 of 3rd period - Snap shot by Kyle Palmieri.
0:50 of 3rd period - Shot Blocked by Jakob Chychrun.
1:18 of 3rd period - Slapshot by Mikael Granlund.
1:18 of 3rd period - Shot Misses the Net.
2:16 of 3rd period - Minor Penalty to Dmitry Kulikov for Tripping.
2:17 of 3rd period - Mikael Granlund wins face-off versus Alex Iafallo in New York Rangers zone.
2:17 of 3rd period - Mikael Granlund is hit by Jordan Martinook.
2:26 of 3rd period - Jordan Martinook is hit by Marcus Foligno and loses puck.
2:43 of 3rd period - Jordan Martinook is hit by Adam Larsson and loses puck.
3:35 of 3rd period - Slapshot by Brendan Gallagher.
3:35 of 3rd period - Shot Misses the Net.
3:37 of 3rd period - Slapshot by Jakob Chychrun.
3:37 of 3rd period - Shot Blocked by Mikael Granlund.
4:16 of 3rd period - Penalty to Dmitry Kulikov is over, Dmitry Kulikov is back on ice.
5:36 of 3rd period - Wrist shot by Kyle Palmieri.
5:36 of 3rd period - Stopped by Ukko-Pekka Luukkonen without a rebound.
5:37 of 3rd period - Filip Chytil wins face-off versus Evgeni Malkin in Dallas Stars zone.
6:02 of 3rd period - Wrist shot by Cole Caufield.
6:02 of 3rd period - Stopped by Ukko-Pekka Luukkonen with a rebound.
6:14 of 3rd period - Dougie Hamilton is hit by Mikael Granlund and loses puck.
6:21 of 3rd period - Snap shot by Teuvo Teravainen.
6:21 of 3rd period - Shot Misses the Net.
6:23 of 3rd period - Slapshot by Adam Larsson.
6:23 of 3rd period - Shot Misses the Net.
6:27 of 3rd period - Snap shot by Mikael Granlund.
6:27 of 3rd period - Shot Blocked by Dougie Hamilton.
7:15 of 3rd period - Nathan MacKinnon is hit by Cam York and loses puck.
8:17 of 3rd period - Elias Lindholm is hit by Teuvo Teravainen and loses puck.
8:28 of 3rd period - Slapshot by Arber Xhekaj.
8:28 of 3rd period - Shot Blocked by Victor Hedman.
8:30 of 3rd period - Slapshot by Brendan Gallagher.
8:30 of 3rd period - Stopped by Igor Shesterkin without a rebound.
8:31 of 3rd period - Nathan MacKinnon wins face-off versus Jonatan Berggren in New York Rangers zone.
8:31 of 3rd period - Nathan MacKinnon is hit by Jordan Martinook.
8:39 of 3rd period - Slapshot by Cole Caufield.
8:39 of 3rd period - Shot Misses the Net.
8:41 of 3rd period - Snap shot by Artemi Panarin.
8:41 of 3rd period - Stopped by Ukko-Pekka Luukkonen without a rebound.
8:42 of 3rd period - Nathan MacKinnon wins face-off versus Jordan Martinook in Dallas Stars zone.
8:47 of 3rd period - Wrist shot by Nathan MacKinnon.
8:47 of 3rd period - Shot Misses the Net.
8:49 of 3rd period - Slapshot by Adam Larsson.
8:49 of 3rd period - Stopped by Ukko-Pekka Luukkonen with a rebound.
9:29 of 3rd period - Snap shot by Dougie Hamilton.
9:29 of 3rd period - Stopped by Igor Shesterkin without a rebound.
9:30 of 3rd period - Jack Drury wins face-off versus Marcus Foligno in New York Rangers zone.
9:33 of 3rd period - Slapshot by Trent Frederic.
9:33 of 3rd period - Shot Misses the Net.
9:35 of 3rd period - Snap shot by Joel Kiviranta.
9:35 of 3rd period - Stopped by Igor Shesterkin with a rebound.
9:37 of 3rd period - Wrist shot by Jakob Chychrun.
9:37 of 3rd period - Stopped by Igor Shesterkin without a rebound.
9:38 of 3rd period - Nathan MacKinnon wins face-off versus Jonatan Berggren in New York Rangers zone.
10:08 of 3rd period - Slapshot by Brendan Gallagher.
10:08 of 3rd period - Stopped by Igor Shesterkin without a rebound.
10:09 of 3rd period - Elias Lindholm wins face-off versus Evgeni Malkin in New York Rangers zone.
10:10 of 3rd period - Wrist shot by Brendan Gallagher.
10:10 of 3rd period - Stopped by Igor Shesterkin with a rebound.
10:22 of 3rd period - Snap shot by Josh Anderson.
10:22 of 3rd period - Stopped by Igor Shesterkin with a rebound.
10:34 of 3rd period - Snap shot by Jordan Martinook.
10:34 of 3rd period - Shot Blocked by Victor Hedman.
11:01 of 3rd period - Snap shot by Mikael Granlund.
11:01 of 3rd period - Stopped by Ukko-Pekka Luukkonen without a rebound.
11:02 of 3rd period - Joel Kiviranta wins face-off versus Evgeni Malkin in Dallas Stars zone.
11:15 of 3rd period - Snap shot by Joel Kiviranta.
11:15 of 3rd period - Shot Blocked by Timo Meier.
11:17 of 3rd period - Snap shot by Trent Frederic.
11:17 of 3rd period - Goal by Trent Frederic - New York Rangers : 2 - Dallas Stars : 3.
11:18 of 3rd period - Nathan MacKinnon wins face-off versus Elias Lindholm in neutral zone.
11:21 of 3rd period - Snap shot by Artemi Panarin.
11:21 of 3rd period - Shot Misses the Net.
11:23 of 3rd period - Slapshot by Luke Schenn.
11:23 of 3rd period - Deflect By Nathan MacKinnon.
11:23 of 3rd period - Stopped by Ukko-Pekka Luukkonen without a rebound.
11:24 of 3rd period - Elias Lindholm wins face-off versus Nathan MacKinnon in Dallas Stars zone.
11:24 of 3rd period - Elias Lindholm is hit by Artemi Panarin.
11:32 of 3rd period - Wrist shot by Artemi Panarin.
11:32 of 3rd period - Deflect By Nathan MacKinnon.
11:32 of 3rd period - Shot Misses the Net.
11:32 of 3rd period - Puck is out of play.
11:33 of 3rd period - Luke Kunin wins face-off versus Nathan MacKinnon in Dallas Stars zone.
11:38 of 3rd period - Jonatan Berggren is hit by Cole Caufield and loses puck.
12:18 of 3rd period - Snap shot by Dylan Strome.
12:18 of 3rd period - Stopped by Ukko-Pekka Luukkonen without a rebound.
12:19 of 3rd period - Dylan Strome wins face-off versus Filip Chytil in Dallas Stars zone.
12:35 of 3rd period - Off-side.
12:36 of 3rd period - Nathan MacKinnon wins face-off versus Jonatan Berggren in neutral zone.
12:41 of 3rd period - Snap shot by Nathan MacKinnon.
12:41 of 3rd period - Stopped by Ukko-Pekka Luukkonen without a rebound.
12:42 of 3rd period - Nathan MacKinnon wins face-off versus Jonatan Berggren in Dallas Stars zone.
12:53 of 3rd period - Snap shot by Nathan MacKinnon.
12:53 of 3rd period - Shot Misses the Net.
12:55 of 3rd period - Snap shot by Nathan MacKinnon.
12:55 of 3rd period - Shot Misses the Net.
12:57 of 3rd period - Wrist shot by Cole Caufield.
12:57 of 3rd period - Stopped by Ukko-Pekka Luukkonen without a rebound.
12:58 of 3rd period - Elias Lindholm wins face-off versus Evgeni Malkin in Dallas Stars zone.
12:58 of 3rd period - Elias Lindholm is hit by Timo Meier.
13:05 of 3rd period - Minor Penalty to Jake Walman for Tripping.
13:06 of 3rd period - Elias Lindholm wins face-off versus Mikael Granlund in New York Rangers zone.
13:38 of 3rd period - Off-side.
13:39 of 3rd period - Elias Lindholm wins face-off versus Teuvo Teravainen in neutral zone.
13:50 of 3rd period - Slapshot by Josh Anderson.
13:50 of 3rd period - Stopped by Igor Shesterkin without a rebound.
13:51 of 3rd period - Alex Iafallo wins face-off versus Mikael Granlund in New York Rangers zone.
13:52 of 3rd period - Slapshot by Jordan Martinook.
13:52 of 3rd period - Stopped by Igor Shesterkin without a rebound.
13:53 of 3rd period - Mikael Granlund wins face-off versus Alex Iafallo in New York Rangers zone.
14:45 of 3rd period - Slapshot by Josh Anderson.
14:45 of 3rd period - Stopped by Igor Shesterkin with a rebound.
14:47 of 3rd period - Wrist shot by Brendan Gallagher.
14:47 of 3rd period - Shot Misses the Net.
14:49 of 3rd period - Backhand shot by Brendan Gallagher.
14:49 of 3rd period - Goal by Brendan Gallagher - New York Rangers : 2 - Dallas Stars : 4.
14:50 of 3rd period - Luke Kunin wins face-off versus Nathan MacKinnon in neutral zone.
16:23 of 3rd period - Off-side.
16:24 of 3rd period - Jonatan Berggren wins face-off versus Dylan Strome in neutral zone.
16:58 of 3rd period - Snap shot by Filip Chytil.
16:58 of 3rd period - Shot Misses the Net.
17:18 of 3rd period - Artemi Panarin is hit by Josh Anderson and loses puck.
17:35 of 3rd period - Snap shot by Evgeni Malkin.
17:35 of 3rd period - Stopped by Ukko-Pekka Luukkonen with a rebound.
17:37 of 3rd period - Wrist shot by Evgeni Malkin.
17:37 of 3rd period - Goal by Evgeni Malkin - New York Rangers : 3 - Dallas Stars : 4.
17:38 of 3rd period - Dylan Strome wins face-off versus Filip Chytil in neutral zone.
17:49 of 3rd period - Slapshot by Dougie Hamilton.
17:49 of 3rd period - Shot Blocked by Teuvo Teravainen.
18:32 of 3rd period - Slapshot by Josh Anderson.
18:32 of 3rd period - Stopped by Igor Shesterkin with a rebound.
18:34 of 3rd period - Snap shot by Josh Anderson.
18:34 of 3rd period - Deflect By Brendan Gallagher.
18:34 of 3rd period - Stopped by Igor Shesterkin with a rebound.
19:04 of 3rd period - Jonas Siegenthaler is hit by Cole Caufield and loses puck.
19:23 of 3rd period - New York Rangers, Igor Shesterkin is pulled from the net.
19:25 of 3rd period - Snap shot by Artemi Panarin.
19:25 of 3rd period - Stopped by Ukko-Pekka Luukkonen with a rebound.
19:27 of 3rd period - Slapshot by Victor Hedman.
19:27 of 3rd period - Stopped by Ukko-Pekka Luukkonen with a rebound.
19:29 of 3rd period - Snap shot by Artemi Panarin.
19:29 of 3rd period - Deflect By Nathan MacKinnon.
19:29 of 3rd period - Deflect By Elias Lindholm.
19:29 of 3rd period - Goal by Nathan MacKinnon - New York Rangers : 4 - Dallas Stars : 4.
19:29 of 3rd period - Igor Shesterkin from New York Rangers was sent back in the game.
19:30 of 3rd period - Filip Chytil wins face-off versus Nathan MacKinnon in neutral zone.
19:54 of 3rd period - Timo Meier is hit by Trent Frederic and loses puck.
Goals for this period are 2 for New York Rangers vs 2 for Dallas Stars.
Shots for this period are 14 for New York Rangers vs 14 for Dallas Stars.
Overtime #1
0:01 of 1st overtime period - Elias Lindholm wins face-off versus Nathan MacKinnon in neutral zone.
0:35 of 1st overtime period - Snap shot by Jordan Martinook.
0:35 of 1st overtime period - Deflect By Brendan Gallagher.
0:35 of 1st overtime period - Goal by Brendan Gallagher - New York Rangers : 4 - Dallas Stars : 5.
Goals for this period are 0 for New York Rangers vs 1 for Dallas Stars.
Shots for this period are 0 for New York Rangers vs 1 for Dallas Stars.
Back to the Top